[ AOE2 MATCH · #507988946 ]
UnrankedTupi vs Burgundians
Player's team · WIN
[ REPLAY ANALYSIS · EXTRACTED FROM THE RECORDED GAME ]
Feudal
9:15
Castle
27:41
Imperial
—
| APM avg | 33.6 |
| APM peak | 62 |
| eAPM avg | 22.4 |
| Villagers / military | 55 / 0 |
Focus
⚔️ 39.9% · 🌾 60.1%
Unknown (2550) ×17
Feudal
11:58
Castle
27:35
Imperial
—
| APM avg | 49.0 |
| APM peak | 90 |
| eAPM avg | 29.0 |
| Villagers / military | 62 / 0 |
Focus
⚔️ 28.0% · 🌾 72.0%
Match map
Initial resources + every placement click. Lines = walls · curves = elevation contours. ◆ gold · ⬟ stone · ● berries · ✦ relic · ◌ wall gap
Your base· Open — unwalled flank
No more T1LT's base· ✓ Closed at 27:35 · 113t walls · 1 gate(s)
Smoothed initial terrain · ◌ = detected wall gap · hover for details
Inputs per minute
— gupo57 - - No more T1LT
Build order — gupo57
First 150 of 151 actions detected
| 0:00 | Queue | Villager (Male) |
| 0:00 | Queue | Villager (Male) |
| 0:02 | Build | House |
| 0:03 | Build | House |
| 0:21 | Queue | Villager (Male) |
| 0:21 | Queue | Villager (Male) |
| 0:21 | Queue | Villager (Male) |
| 1:10 | Queue | Villager (Male) |
| 1:38 | Queue | Villager (Male) |
| 2:06 | Build | House |
| 2:25 | Queue | Villager (Male) |
| 2:26 | Queue | Villager (Male) |
| 2:53 | Queue | Villager (Male) |
| 3:18 | Build | Settlement |
| 3:21 | Build | House |
| 3:29 | Queue | Villager (Male) |
| 3:30 | Queue | Villager (Male) |
| 3:46 | Queue | Villager (Male) |
| 3:46 | Queue | Villager (Male) |
| 4:18 | Queue | Villager (Male) |
| 4:19 | Queue | Villager (Male) |
| 4:29 | Queue | Villager (Male) |
| 4:48 | Queue | Villager (Male) ×2 |
| 5:00 | Queue | Villager (Male) |
| 5:01 | Queue | Villager (Male) |
| 5:41 | Research | Loom |
| 5:56 | Build | House |
| 6:28 | Build | Palisade Wall |
| 6:35 | Research | Feudal Age |
| 6:45 | Build | Palisade Wall |
| 6:45 | Build | Palisade Wall |
| 6:59 | Build | Barracks |
| 7:45 | Queue | Villager (Male) |
| 8:14 | Queue | Unit 2550 |
| 8:38 | Queue | Unit 2550 |
| 8:38 | Queue | Unit 2550 |
| 9:15 | Age | Feudal Age |
| 9:18 | Research | Tech 1402 |
| 9:58 | Build | Watch Tower |
| 10:12 | Build | Outpost |
| 10:14 | Build | Outpost |
| 10:20 | Build | Outpost |
| 10:40 | Queue | Villager (Male) |
| 10:40 | Queue | Villager (Male) |
| 10:41 | Queue | Villager (Male) |
| 10:59 | Build | Settlement |
| 11:04 | Queue | Unit 2550 |
| 11:05 | Queue | Unit 2550 |
| 11:10 | Build | Settlement |
| 11:48 | Build | Watch Tower |
| 11:53 | Queue | Unit 2550 |
| 11:54 | Queue | Villager (Male) |
| 11:54 | Queue | Villager (Male) |
| 13:04 | Queue | Villager (Male) |
| 13:32 | Research | Arson |
| 13:38 | Build | Stone Wall |
| 13:47 | Build | Watch Tower |
| 14:03 | Queue | Villager (Male) |
| 14:12 | Queue | Villager (Male) |
| 15:08 | Build | Settlement |
| 15:59 | Queue | Villager (Male) |
| 15:59 | Queue | Villager (Male) |
| 16:25 | Queue | Villager (Male) |
| 16:25 | Queue | Villager (Male) |
| 16:29 | Build | Settlement |
| 16:37 | Queue | Villager (Male) |
| 17:09 | Queue | Villager (Male) |
| 17:09 | Queue | Villager (Male) |
| 17:29 | Build | Watch Tower |
| 17:37 | Build | Watch Tower |
| 18:02 | Build | Blacksmith |
| 18:45 | Build | Watch Tower |
| 18:53 | Build | Stone Wall |
| 18:54 | Build | Stone Wall |
| 18:57 | Build | Stone Wall |
| 18:58 | Build | Stone Wall |
| 19:05 | Queue | Villager (Male) |
| 19:05 | Queue | Villager (Male) |
| 19:06 | Build | Farm |
| 19:07 | Build | Farm |
| 19:08 | Queue | Villager (Male) |
| 19:08 | Queue | Villager (Male) |
| 19:10 | Build | Farm |
| 19:13 | Research | Fletching |
| 19:53 | Queue | Villager (Male) |
| 19:53 | Queue | Villager (Male) |
| 19:55 | Build | Farm |
| 19:59 | Research | Double-Bit Axe |
| 20:45 | Build | Watch Tower |
| 20:46 | Queue | Villager (Male) |
| 20:46 | Queue | Villager (Male) |
| 20:47 | Build | Farm |
| 20:48 | Build | Farm |
| 20:50 | Build | Farm |
| 20:51 | Build | Farm |
| 21:14 | Queue | Villager (Male) |
| 21:14 | Queue | Villager (Male) |
| 21:16 | Build | Farm |
| 21:19 | Build | Farm |
| 21:21 | Build | Market |
| 21:25 | Build | Farm |
| 21:27 | Build | Farm |
| 21:29 | Build | Farm |
| 21:35 | Build | Farm |
| 21:36 | Queue | Villager (Male) |
| 22:02 | Build | Farm |
| 22:04 | Build | Farm |
| 22:43 | Queue | Villager (Male) |
| 22:45 | Build | Farm |
| 22:47 | Build | Farm |
| 22:49 | Build | Farm |
| 23:09 | Research | Scale Mail Armor |
| 23:35 | Queue | Villager (Male) |
| 23:36 | Queue | Villager (Male) |
| 23:37 | Build | Farm |
| 23:39 | Build | Farm |
| 23:41 | Build | Farm |
| 23:43 | Build | Farm |
| 24:05 | Build | Farm |
| 24:10 | Build | Farm |
| 24:28 | Queue | Villager (Male) |
| 24:32 | Build | Farm |
| 25:01 | Research | Castle Age |
| 25:01 | Research | Castle Age |
| 25:01 | Research | Castle Age |
| 25:08 | Build | Barracks |
| 25:10 | Build | Barracks |
| 25:12 | Research | Horse Collar |
| 25:27 | Research | Gold Mining |
| 26:07 | Queue | Unit 2550 |
| 26:07 | Queue | Unit 2550 |
| 26:10 | Queue | Unit 2550 |
| 26:31 | Research | Forging |
| 26:43 | Queue | Unit 2550 |
| 26:43 | Queue | Unit 2550 |
| 26:56 | Queue | Unit 2550 |
| 26:57 | Queue | Unit 2550 |
| 26:57 | Queue | Unit 2550 |
| 27:09 | Queue | Villager (Male) |
| 27:34 | Build | Outpost |
| 27:41 | Age | Castle Age |
| 27:51 | Build | Castle |
| 28:01 | Research | Squires |
| 28:02 | Queue | Unit 2550 |
| 28:03 | Research | Tech 1351 |
| 28:05 | Queue | Unit 2550 |
| 28:05 | Queue | Unit 2550 |
| 28:15 | Research | Chain Mail Armor |
| 28:16 | Queue | Villager (Male) |
| 28:16 | Queue | Villager (Male) |
Build order — No more T1LT
First 150 of 195 actions detected
| 0:02 | Queue | Villager (Male) |
| 0:02 | Queue | Villager (Male) |
| 0:02 | Queue | Villager (Male) |
| 0:03 | Build | House |
| 0:04 | Build | House |
| 0:05 | Queue | Villager (Male) |
| 1:27 | Queue | Villager (Male) |
| 1:27 | Queue | Villager (Male) |
| 1:56 | Build | Lumber Camp |
| 1:59 | Build | Lumber Camp |
| 1:59 | Queue | Villager (Male) |
| 1:59 | Queue | Villager (Male) |
| 2:18 | Queue | Villager (Male) |
| 2:19 | Queue | Villager (Male) |
| 2:38 | Queue | Villager (Male) |
| 2:38 | Queue | Villager (Male) |
| 2:43 | Build | House |
| 2:44 | Build | House |
| 2:58 | Queue | Villager (Male) |
| 3:30 | Queue | Villager (Male) |
| 3:31 | Queue | Villager (Male) |
| 3:47 | Queue | Villager (Male) |
| 3:47 | Queue | Villager (Male) |
| 3:58 | Build | House |
| 4:36 | Queue | Villager (Male) |
| 5:08 | Build | Mill |
| 5:08 | Queue | Villager (Male) |
| 5:09 | Queue | Villager (Male) |
| 5:09 | Queue | Villager (Male) |
| 5:49 | Queue | Villager (Male) |
| 6:03 | Build | House |
| 6:21 | Queue | Villager (Male) |
| 6:27 | Research | Loom |
| 6:31 | Build | House |
| 6:37 | Build | Palisade Wall |
| 6:43 | Build | Palisade Wall |
| 6:53 | Build | Palisade Wall |
| 7:10 | Build | Mill |
| 7:14 | Queue | Villager (Male) |
| 7:30 | Build | House |
| 7:31 | Build | Palisade Wall |
| 7:39 | Build | Palisade Wall |
| 7:41 | Queue | Villager (Male) |
| 7:44 | Build | Palisade Wall |
| 8:08 | Queue | Villager (Male) |
| 8:08 | Queue | Villager (Male) |
| 8:08 | Queue | Villager (Male) |
| 8:14 | Build | Palisade Wall |
| 8:17 | Build | House |
| 8:43 | Build | Palisade Gate |
| 8:46 | Build | Palisade Wall |
| 8:57 | Queue | Villager (Male) |
| 9:06 | Build | Farm |
| 9:24 | Research | Feudal Age |
| 9:38 | Build | Farm |
| 10:09 | Build | House |
| 10:14 | Build | Palisade Wall |
| 10:28 | Build | Palisade Wall |
| 10:33 | Build | Palisade Wall |
| 10:36 | Build | Palisade Wall |
| 10:41 | Build | Palisade Wall |
| 10:42 | Queue | Villager (Male) |
| 11:13 | Build | Mining Camp |
| 11:21 | Build | Mining Camp |
| 11:27 | Research | Double-Bit Axe |
| 11:56 | Queue | Villager (Male) |
| 11:58 | Age | Feudal Age |
| 12:02 | Build | Watch Tower |
| 12:14 | Build | Watch Tower |
| 12:25 | Build | Farm |
| 12:26 | Build | Farm |
| 12:32 | Build | Lumber Camp |
| 12:48 | Queue | Villager (Male) |
| 13:07 | Build | House |
| 13:10 | Queue | Villager (Male) |
| 13:21 | Queue | Villager (Male) |
| 13:40 | Queue | Villager (Male) |
| 13:51 | Queue | Villager (Male) |
| 13:53 | Queue | Villager (Male) |
| 14:08 | Build | Watch Tower |
| 14:12 | Build | Watch Tower |
| 14:16 | Build | Watch Tower |
| 14:17 | Queue | Villager (Male) |
| 14:39 | Queue | Villager (Male) |
| 14:47 | Build | Blacksmith |
| 14:52 | Build | Farm |
| 15:04 | Build | Stone Wall |
| 15:05 | Build | Stone Wall |
| 15:05 | Build | Stone Wall |
| 15:10 | Build | House |
| 15:33 | Queue | Villager (Male) |
| 15:40 | Research | Fletching |
| 16:12 | Build | House |
| 16:14 | Build | House |
| 16:16 | Build | House |
| 16:17 | Research | Town Watch |
| 16:17 | Research | Town Watch |
| 16:25 | Build | Farm |
| 16:26 | Build | Farm |
| 16:40 | Queue | Villager (Male) |
| 16:43 | Build | House |
| 17:01 | Build | Farm |
| 17:01 | Build | Farm |
| 17:17 | Build | Stone Wall |
| 17:21 | Queue | Villager (Male) |
| 17:25 | Build | Farm |
| 17:30 | Build | House |
| 17:36 | Build | Stone Wall |
| 17:47 | Build | Watch Tower |
| 17:52 | Queue | Villager (Male) |
| 18:12 | Queue | Villager (Male) |
| 18:18 | Build | Stone Wall |
| 18:31 | Queue | Villager (Male) |
| 18:38 | Build | Farm |
| 18:39 | Build | Farm |
| 18:40 | Build | Farm |
| 18:42 | Build | Market |
| 18:43 | Queue | Villager (Male) |
| 18:52 | Build | Watch Tower |
| 19:05 | Queue | Villager (Male) |
| 19:19 | Build | Farm |
| 19:20 | Build | Farm |
| 19:30 | Queue | Villager (Male) |
| 19:44 | Queue | Villager (Male) |
| 20:03 | Queue | Villager (Male) |
| 20:10 | Build | Stone Wall |
| 20:14 | Build | Stone Wall |
| 20:19 | Build | House |
| 20:19 | Queue | Villager (Male) |
| 20:27 | Queue | Villager (Male) |
| 20:37 | Queue | Villager (Male) |
| 20:46 | Build | Mining Camp |
| 21:09 | Queue | Villager (Male) |
| 21:28 | Build | Lumber Camp |
| 21:42 | Build | Stone Wall |
| 21:43 | Build | Stone Wall |
| 22:33 | Build | House |
| 22:35 | Build | Stone Wall |
| 22:36 | Build | Stone Wall |
| 22:37 | Build | Stone Wall |
| 22:46 | Queue | Villager (Male) |
| 22:48 | Build | Stone Wall |
| 22:57 | Build | Lumber Camp |
| 23:12 | Build | Stone Wall |
| 23:13 | Build | Stone Wall |
| 23:14 | Build | Stone Wall |
| 23:17 | Build | Stone Wall |
| 23:19 | Build | Stone Wall |
| 23:21 | Queue | Villager (Male) |
| 23:26 | Queue | Villager (Male) |
Match timeline
| 6:28 | gupo57 · wall_segment Palisade Wall x1 |
| 6:37 | No more T1LT · wall_segment Palisade Wall x11 |
| 6:43 | No more T1LT · wall_segment Palisade Wall x7 |
| 6:45 | gupo57 · wall_segment Palisade Wall x2 |
| 6:45 | gupo57 · wall_segment Palisade Wall x1 |
| 6:53 | No more T1LT · wall_segment Palisade Wall x6 |
| 6:59 | gupo57 · first_building Barracks |
| 7:31 | No more T1LT · wall_segment Palisade Wall x7 |
| 7:39 | No more T1LT · wall_segment Palisade Wall x2 |
| 7:44 | No more T1LT · wall_segment Palisade Wall x2 |
| 8:14 | No more T1LT · wall_segment Palisade Wall x4 |
| 8:46 | No more T1LT · wall_segment Palisade Wall x4 |
| 9:15 | gupo57 · age_up feudal |
| 10:14 | No more T1LT · wall_segment Palisade Wall x5 |
| 10:28 | No more T1LT · wall_segment Palisade Wall x1 |
| 10:33 | No more T1LT · wall_segment Palisade Wall x1 |
| 10:36 | No more T1LT · wall_segment Palisade Wall x1 |
| 10:41 | No more T1LT · wall_segment Palisade Wall x1 |
| 11:58 | No more T1LT · age_up feudal |
| 13:38 | gupo57 · wall_segment Stone Wall x1 |
| 15:04 | No more T1LT · wall_segment Stone Wall x1 |
| 15:05 | No more T1LT · wall_segment Stone Wall x1 |
| 15:05 | No more T1LT · wall_segment Stone Wall x1 |
| 17:17 | No more T1LT · wall_segment Stone Wall x1 |
| 17:36 | No more T1LT · wall_segment Stone Wall x5 |
| 18:18 | No more T1LT · wall_segment Stone Wall x13 |
| 18:53 | gupo57 · wall_segment Stone Wall x2 |
| 18:54 | gupo57 · wall_segment Stone Wall x3 |
| 18:57 | gupo57 · wall_segment Stone Wall x2 |
| 18:58 | gupo57 · wall_segment Stone Wall x1 |
| 20:10 | No more T1LT · wall_segment Stone Wall x1 |
| 20:14 | No more T1LT · wall_segment Stone Wall x1 |
| 21:42 | No more T1LT · wall_segment Stone Wall x11 |
| 21:43 | No more T1LT · wall_segment Stone Wall x2 |
| 21:55 | No more T1LT · first_market_sell 100 food |
| 22:35 | No more T1LT · wall_segment Stone Wall x1 |
| 22:36 | No more T1LT · wall_segment Stone Wall x1 |
| 22:37 | No more T1LT · wall_segment Stone Wall x1 |
| 22:48 | No more T1LT · wall_segment Stone Wall x1 |
| 23:12 | No more T1LT · wall_segment Stone Wall x1 |
| 23:13 | No more T1LT · wall_segment Stone Wall x1 |
| 23:14 | No more T1LT · wall_segment Stone Wall x1 |
| 23:17 | No more T1LT · wall_segment Stone Wall x1 |
| 23:19 | No more T1LT · wall_segment Stone Wall x1 |
| 23:42 | No more T1LT · wall_segment Stone Wall x1 |
| 23:44 | No more T1LT · wall_segment Stone Wall x1 |
| 23:48 | No more T1LT · wall_segment Stone Wall x1 |
| 23:49 | No more T1LT · wall_segment Stone Wall x1 |
| 23:50 | No more T1LT · wall_segment Stone Wall x1 |
| 23:54 | No more T1LT · wall_segment Stone Wall x1 |
| 23:55 | No more T1LT · wall_segment Stone Wall x1 |
| 24:13 | No more T1LT · wall_segment Palisade Wall x1 |
| 24:38 | gupo57 · first_market_buy 100 food |
| 24:41 | No more T1LT · wall_segment Stone Wall x6 |
| 24:42 | No more T1LT · wall_segment Stone Wall x2 |
| 24:46 | No more T1LT · wall_segment Stone Wall x3 |
| 24:49 | No more T1LT · first_market_buy 100 food |
| 25:17 | No more T1LT · wall_segment Stone Wall x1 |
| 25:17 | No more T1LT · wall_segment Stone Wall x1 |
| 25:19 | No more T1LT · wall_segment Stone Wall x1 |
| 25:20 | No more T1LT · wall_segment Stone Wall x1 |
| 25:28 | No more T1LT · wall_segment Stone Wall x1 |
| 25:28 | No more T1LT · wall_segment Stone Wall x1 |
| 25:31 | No more T1LT · wall_segment Stone Wall x1 |
| 25:34 | No more T1LT · wall_segment Stone Wall x1 |
| 25:41 | No more T1LT · wall_segment Stone Wall x1 |
| 25:42 | No more T1LT · wall_segment Stone Wall x1 |
| 25:51 | No more T1LT · wall_segment Stone Wall x1 |
| 27:35 | No more T1LT · age_up castle |
| 27:40 | No more T1LT · first_building Siege Workshop |
| 27:41 | gupo57 · age_up castle |
| 27:51 | gupo57 · first_building Castle |
| 28:31 | No more T1LT · resign |
[ AI ANALYSIS · 1 CREDIT ]
What really happened in this match?
Wolo.gg analyzes every decision: build order, eco, micro, common mistakes by bracket. Personalized analysis on WhatsApp or Discord in 30 seconds.
Civ guide
Tupi
Perfil
Jugador #25273866